 Dungeon Crawl Stone Soup version 0.29-a0-350-g7790a0e70a (webtiles) character file.

Game seed: 17261134388082859488

34 rabbitsville the Skirmisher (level 3, -6/31 HPs)
             Began as a Palentonga Abyssal Knight on Apr 22, 2022.
             Was a Believer of Jiyva.
             Mangled by a small abomination (9 damage)
             ... created by the touch of Lugonu
             ... on level 1 of the Abyss.
             The game lasted 00:03:04 (1239 turns).

rabbitsville the Skirmisher (PaAK)                  Turns: 1239, Time: 00:03:05

Health: -6/31      AC:  5    Str: 18    XL:     3   Next: 14%
Magic:  4/4        EV:  9    Int: 10    God:    Jiyva [**....]
Gold:   31         SH:  0    Dex: 10    Spells: 3/3 levels left

rFire   . . .      SeeInvis +   a - +1 hand axe
rCold   . . .      Faith    .   (no shield)
rNeg    . . .      Spirit   .   b - +0 leather armour
rPois   .          Reflect  .   d - +0 hat
rElec   .          Harm     .   (no cloak)
rCorr   +          Rampage  .   h - +0 pair of gloves
Will    .....                   (no barding)
Stlth   +.........              (no amulet)
HPRegen 1.06/turn               (no ring)
MPRegen 0.39/turn               (no ring)

@: no status effects
A: large, rugged brown scales 3, see invisible, deformed body, roll 1, armoured
tail
a: Rolling Charge, Renounce Religion


You were on level 1 of the Abyss.
You worshipped Jiyva.
Jiyva was pleased with you.
You visited 1 branch of the dungeon, and saw 2 of its levels.
You visited the Abyss 2 times.

You collected 31 gold pieces.

Inventory:

Hand Weapons
 a - a +1 hand axe (weapon)
Armour
 b - a +0 leather armour (worn)
 d - a +0 hat (worn)
 h - a +0 pair of gloves (worn)
Scrolls
 c - 2 scrolls of identify
 e - 2 scrolls of teleportation
 f - a scroll of amnesia {unknown}
 g - a scroll of magic mapping {unknown}


   Skills:
 * Level 3.5 Fighting
 * Level 2.7 Axes
 - Level 1.5 Armour
 - Level 0.7 Dodging
 + Level 0.9 Spellcasting
 - Level 2.0 Invocations


You had 3 spell levels left.
You didn't know any spells.
Your spell library was empty.

Dungeon Overview and Level Annotations

Branches:
Dungeon (2/15)

Altars:


Innate Abilities, Weirdness & Mutations

You are completely covered in rugged brown scales. (AC +3, +7% HP)
You have supernaturally acute eyesight. (SInv)
Armour fits poorly on your strangely shaped body.
You can roll at nearby foes to attack.
You have a long armoured tail.


Message History

There is an open door here.
A rat comes into view.
A rat is nearby!
You roll forward with a clatter of scales!
You slash the rat!
You kill the rat!
You see here a rat corpse.
Found a stone staircase leading down.
Lugonu draws you home! Lugonu sends minions to punish you.
The divine experience confuses you!
You are confused.
An ancient zyme comes into view.
You are cast into the Abyss!
This branch contains the abyssal rune of Zot.
Found a corrupted altar of Lugonu.
You bump into the rock wall.
You bump into the rock wall.
You feel less confused. Lugonu sends minions to punish you.
A small abomination comes into view.
There is a corrupted altar of Lugonu here.
The small abomination attacks as you move away!
The small abomination hits you!
You closely miss the small abomination.
The small abomination closely misses you.
You hit the small abomination.
You tail-slap the small abomination, but do no damage.
Your punch misses the small abomination.
The small abomination is moderately damaged.
The small abomination hits you!!
Ouch! That really hurt!
* * * LOW HITPOINT WARNING * * *
The small abomination hits you.
* * * LOW HITPOINT WARNING * * *
Okay, then.
You aren't carrying any potions.
As you read the scroll labelled HIUMEIXUSO, it crumbles to dust.
It is a scroll of identify.
e - 2 scrolls of teleportation The small abomination hits you!
You die...

### ## #..
#. #.# #
.##.###....
#......#...
#@# ## ...#
##x##.#.
...
#.._....#
####.####
..### #.#
........#
.#. ###.#
## #.# .###
#... ...#


You could see a small abomination.

Vanquished Creatures
  Jessica (D:2)
  3 bats
  A giant cockroach (D:2)
  A hobgoblin (D:2)
  A kobold (D:1)
  3 rats
10 creatures vanquished.

Vanquished Creatures (others)
  An adder (D:2)
  2 goblins
  A hobgoblin (D:2)
  3 jackals (D:1)
  3 kobolds (D:2)
  A quokka (D:1)
  A rat (D:2)
  5 plants
17 creatures vanquished.

Grand Total: 27 creatures vanquished

Notes
Turn   | Place    | Note
-------+----------+-------------------------------------------
     0 | Abyss:1  | rabbitsville the Palentonga Abyssal Knight began the quest
                  | for the Orb.
     0 | Abyss:1  | Reached XP level 1. HP: 19/19 MP: 2/2
     3 | Abyss:1  | Found a viscous altar of Jiyva.
    10 | Abyss:1  | Fell from the grace of Lugonu
    10 | Abyss:1  | Became a worshipper of Jiyva Javur the Shapeless
    14 | D:1      | Escaped the Abyss
   190 | D:1      | Reached * piety under Jiyva
   914 | D:1      | Reached ** piety under Jiyva
  1141 | D:2      | Noticed Jessica
  1146 | D:2      | Killed Jessica
  1147 | D:2      | Reached XP level 2. HP: 25/25 MP: 3/3
  1147 | D:2      | Reached XP level 3. HP: 31/31 MP: 4/4
  1211 | D:2      | Noticed an ancient zyme
  1211 | D:2      | Cast into level 1 of the Abyss (Lugonu's touch)
  1211 | Abyss:1  | Found a corrupted altar of Lugonu.
  1225 | Abyss:1  | Noticed a small abomination
  1239 | Abyss:1  | Mangled by a small abomination

Illustrated notes

Levels and vault maps discovered:
D:1:      dpeg_arrival_concentric_ovals, layout_loops_corners,
          serial_bayou_ford_a, bh_walls_and_bars
D:2:      minmay_diamond_boxcup, layout_basic, serial_glass, glass_columns_c,
          glass_columns_a, shapermc_ecumenical_altar_mp_highgroup,
          serial_bayou_pond_e, kennysheep_nondescript, hex_intersection,
          minivault_5, uniq_jessica
Abyss:1:  base: Temple, base: Temple, base:
Temple

Action                   || total
-------------------------++-------
Melee: Hand axe          ||    32
       Tailslap          ||     3
 Abil: Rolling Charge    ||     8
  Use: Scroll            ||     1
Armor: Leather armour    ||    18
Dodge: Dodged            ||    24

Table legend: (Time is in decaauts)
 A = Elapsed time spent in this place.
 B = Non-inter-level travel time spent in this place.
 C = Inter-level travel time spent in this place.
 D = Time resting spent in this place.
 E = Time spent auto-exploring this place.
 F = Levels seen in this place.
 G = Mean time per level.
                   A        B        C        D        E       F      G
               +--------+--------+--------+--------+--------+-----+--------+
         Total |   1249 |   1167 |     82 |      0 |   1006 |   4 |  312.2 |
       Dungeon |   1207 |   1125 |     82 |      0 |   1006 |   2 |  603.5 |
         Abyss |     42 |     42 |      0 |      0 |      0 |   2 |   21.0 |
               +--------+--------+--------+--------+--------+-----+--------+

Top non-repeatable levels by time:
     D:1: 1034 daAuts
     D:2: 172 daAuts
 Abyss:1: 42 daAuts
